 Dungeon Crawl Stone Soup version 0.20-a0-548-g4f8a798 (webtiles) character file.

483 Dfrag the Conjurer (level 7, -3/55 HPs)
             Began as a Naga Conjurer on Feb 1, 2017.
             Was a Follower of Vehumet.
             Slain by a gnoll
             ... wielding a +0 club
              (8 damage)
             ... on level 4 of the Dungeon.
             The game lasted 00:05:36 (2222 turns).

Dfrag the Conjurer (Naga Conjurer)                  Turns: 2222, Time: 00:05:36

Health: -3/55      AC:  3    Str: 10    XL:     7   Next: 12%
Magic:  1/15       EV: 10    Int: 23    God:    Vehumet [*.....]
Gold:   190        SH:  0    Dex: 11    Spells: 13/16 levels left

rFire    . . .     SeeInvis +   (no weapon)
rCold    . . .     Gourm    .   a - +0 robe
rNeg     . . .     Faith    .   (no shield)
rPois    +         Spirit   .   (no helmet)
rElec    .         Reflect  .   (no cloak)
rCorr    .         Harm     .   (no gloves)
MR       .....                  (no barding)
Stlth    ++........             v - amulet of magic regeneration
Regen    0.2/turn               (no ring)
                                (no ring)

@: brilliant, short of breath, hasted, quick
A: see invisible, deformed body, poison resistance, slowness 2, slow metabolism
1, spit poison 1, AC +2
a: Spit Poison, Renounce Religion


You were on level 4 of the Dungeon.
You worshipped Vehumet.
Vehumet was aware of your devotion.
You were hungry.

You visited 1 branch of the dungeon, and saw 4 of its levels.

You collected 190 gold pieces.

Inventory:

Armour
 a - a +0 robe (worn)
Jewellery
 v - an amulet of magic regeneration (around neck)
Scrolls
 d - 4 scrolls of remove curse {unknown}
 e - 4 scrolls of teleportation {unknown}
 h - a scroll of magic mapping {unknown}
 i - a scroll of fog {unknown}
 k - 2 scrolls of identify {unknown}
 m - a scroll of amnesia {unknown}
 o - 2 scrolls of enchant weapon {unknown}
 p - a scroll of recharging {unknown}
 q - a scroll of enchant armour {unknown}
 s - a scroll of blinking {unknown}
 t - a scroll of fear {unknown}
Potions
 g - a potion of flight {unknown}
 j - a potion of magic {unknown}
 l - a potion of brilliance
Books
 b - a book of Conjurations

   Spells                             Type                      Level
   a - Magic Dart                     Conjuration                  1
   b - Searing Ray                    Conjuration                  2
   c - Dazzling Spray                 Conjuration/Hexes            3
   d - Fulminant Prism                Conjuration/Hexes            4
   e - Iskenderun's Mystic Blast      Conjuration                  4
   f - Iskenderun's Battlesphere      Conjuration/Charms           5
 n - a book of Cantrips

   Spells                             Type                      Level
   a - Confusing Touch                Hexes                        1
   b - Animate Skeleton               Necromancy                   1
   c - Summon Small Mammal            Summoning                    1
   d - Apportation                    Translocation                1
Comestibles
 c - 4 bread rations
 f - 3 meat rations
 u - 2 fruits


   Skills:
 - Level 1.5 Dodging
 - Level 3.0 Stealth
 * Level 5.4 Spellcasting
 + Level 6.0 Conjurations


You had 13 spell levels left.
You knew the following spells:

 Your Spells              Type           Power        Failure   Level  Hunger
a - Magic Dart            Conj           ####         1%          1    None
b - Searing Ray           Conj           #####.       1%          2    None


Dungeon Overview and Level Annotations

Branches:
Dungeon (4/15)
 Temple: D:4-7

Altars:
Vehumet


Innate Abilities, Weirdness & Mutations

You cannot wear boots.
Your serpentine skin is tough. (AC +2)
You have supernaturally acute eyesight. (SInv)
Armour fits poorly on your strangely shaped body.
Your system is resistant to poisons. (rPois)
You cover ground very slowly.
You have a slow metabolism.
You can spit poison.


Message History

Aim: a gnoll, wielding a club (heavily wounded, fast)
The magic dart hits the gnoll.
The gnoll is heavily wounded.
The gnoll shaman invokes the aid of its god against you.
You easily resist.
The gnoll closely misses you.
Unknown command.
Press: ? - help, Shift-Dir - straight line, f/p - gnoll
Aim: a gnoll, wielding a club (heavily wounded, fast)
The splash of poison misses the gnoll.
You feel slightly more hungry. The gnoll hits you with a club.
* * * LOW HITPOINT WARNING * * *
Unknown command.
You aren't carrying any items that you can evoke.
Unknown command.
Unknown command.
It was a potion of haste.
You feel yourself speed up. The gnoll hits you but does no damage.
The gnoll shaman hits you with a club!
* * * LOW HITPOINT WARNING * * *
The gnoll hits you with a club!
You die...

........+...'..........#
........#...##.#.#..####
........#...##.#.#....#
........#.............#
..........#########.#.#
..........#≈≈≈≈≈≈≈#...#
..........#≈≈...≈≈#...#
..........#≈..#..≈#...#
........#.)).###@.'..##
........###≈..#gg≈#..#
..........#≈≈...≈≈#..#
........#.#≈≈≈≈≈≈≈#..#
..........#########.##
........#.. #.#
........#.. #.#
........# #.# ........#


You could see a gnoll shaman and a gnoll.

Vanquished Creatures
  An ogre (D:4)
  Blork the orc (D:4)
  A scorpion (D:4)
  A howler monkey (D:4)
  2 orc wizards (D:3)
  An orc priest (D:4)
  4 gnolls (D:4)
  6 adders
  A worm (D:2)
  A dart slug (D:1)
  4 leopard geckos
  5 orcs
  8 giant cockroaches
  4 hobgoblins
  18 jackals
  2 quokkas
  A ball python (D:3)
  7 bats
  A frilled lizard (D:3)
  5 goblins
  A jackal skeleton (D:4)
  5 kobolds
  5 rats (D:1)
85 creatures vanquished.

Vanquished Creatures (others)
  A ball python (D:3)
1 creature vanquished.

Grand Total: 86 creatures vanquished

Notes
Turn   | Place    | Note
-------+----------+-------------------------------------------
     0 | D:1      | Dfrag the Naga Conjurer began the quest for the Orb.
     0 | D:1      | Reached XP level 1. HP: 15/15 MP: 3/3
    46 | D:1      | Reached XP level 2. HP: 22/22 MP: 0/5
   606 | D:1      | Reached XP level 3. HP: 28/28 MP: 4/7
   722 | D:2      | Learned a level 2 spell: Searing Ray
   850 | D:2      | Reached XP level 4. HP: 31/36 MP: 3/8
  1426 | D:3      | Reached skill level 5 in Conjurations
  1452 | D:3      | Found a radiant altar of Vehumet.
  1468 | D:3      | Became a worshipper of Vehumet
  1482 | D:3      | Reached XP level 5. HP: 42/42 MP: 7/10
  1866 | D:4      | Reached XP level 6. HP: 41/49 MP: 0/12
  1922 | D:4      | Noticed Blork the orc
  1922 | D:4      | Reached skill level 5 in Spellcasting
  1935 | D:4      | Killed Blork the orc
  1935 | D:4      | Reached skill level 6 in Conjurations
  1935 | D:4      | Reached XP level 7. HP: 13/55 MP: 0/14
  2202 | D:4      | Reached * piety under Vehumet
  2202 | D:4      | Offered knowledge of Sting by Vehumet.
  2222 | D:4      | Slain by a gnoll

Vault maps used:
D:1:      matt_arrival_debris
D:2:      first_bread
D:3:      fiery_altar_vehumet
D:4:      kennysheep_generic_room_8, uniq_blork_the_orc, uniq_crazy_yiuf_cottage

Skill      XL: |  1  2  3  4  5  6 |
---------------+-------------------+-----
Spellcasting   | 3 4 5 |  5.4
Conjurations   | 5 6 |  6.0
Dodging        | |  1.5
Stealth        | |  3.0

Action                   |  1- 3 |  4- 6 |  7- 9 || total
-------------------------+-------+-------+-------++-------
Melee: Unarmed           |     6 |    20 |       ||    26
 Cast: Magic Dart        |    42 |    71 |     4 ||   117
       Searing Ray       |       |    10 |     4 ||    14
 Abil: Spit Poison       |    20 |    29 |     3 ||    52
  Use: Potion            |       |       |     2 ||     2
  Eat: Chunk             |     1 |     5 |       ||     6
Armor: Robe              |     2 |    18 |     1 ||    21
Dodge: Dodged            |    16 |    42 |     7 ||    65
